Map: Abiogenesis LE

Players

Bly

  • Race: Zerg Zerg
  • Spawn Location: 11:00

TRUE - Winner!

  • Race: Zerg Zerg
  • Spawn Location: 5:00

Event: WCS Leipzig 2018

VOD

Have the link to the VOD?

Description

Time

  • Played on: Jan. 27, 2018, 5:21 a.m.
  • Length: 10:52

All games in this series

Show
View Real Time Build Order
Export as new Build Order

Bly Zerg 

Build Orders: Pool First 

Get SALT Encoding   

  12  0:17  Spawning Pool  
  11  0:22  Drone  
  11  0:27  Drone  
  13  0:31  Drone  
  14  0:41  Overlord  
  14  1:04  Zergling x4  
  14  1:05  Zergling x2  
  17  1:15  Zergling x2  
  18  1:20  Hatchery  
  17  1:26  Zergling x2  
  18  1:34  Queen  
  18  1:39  Zergling x2  
  21  1:48  Overlord  
  20  2:11  Drone x2  
  20  2:13  Queen  
  23  2:20  Drone  
  22  2:33  Drone  
  22  2:37  Drone  
  22  2:38  Queen  
  24  2:46  Drone x2  
  24  2:47  Drone x2  
  28  2:56  Queen  
  30  3:00  Overlord  
  30  3:08  Drone x3  
  30  3:11  Drone  
  34  3:25  Drone x2  
  36  3:29  Drone x3  
  36  3:33  Drone x2  
  39  3:40  Drone x2  
  41  3:44  Overlord  
  41  3:47  Extractor  
  40  3:54  Extractor  
  40  3:55  Drone x3  
  40  3:56  Drone  
  40  4:02  Overlord  
  42  4:06  Drone x3  
  45  4:10  Drone x2  
  47  4:27  Roach Warren  
  47  4:29  Evolution Chamber  
  47  4:30  Drone x6, Evolution Chamber  
  50  4:39  Extractor, Overlord  
  49  4:45  Overlord  
  49  4:51  Drone x2  
  51  4:53  Overlord  
  51  4:55  Zerg Missile Weapons Level 1  
  51  4:57  Overlord  
  51  5:02  Lair  
  51  5:11  Hatchery  
  50  5:16  Drone x4  
  50  5:17  Drone x3  
  57  5:27  Overlord  
  57  5:32  Overlord  
  57  5:34  Roach x4  
  65  5:38  Overlord  
  65  5:47  Roach x4  
  73  5:56  Extractor  
  72  5:59  Roach x2  
  72  6:00  Overseer  
  76  6:06  Glial Reconstitution  
  76  6:15  Roach x3  
  82  6:20  Overlord  
  82  6:25  Roach x3  
  88  6:31  Drone x2  
  88  6:32  Drone x2, Spine Crawler  
  91  6:45  Roach x7  
  105  6:51  Overlord  
  105  6:55  Ravager, Spine Crawler  
  105  7:09  Overlord x3  
  105  7:14  Roach  
  105  7:15  Roach x3  
  113  7:21  Overlord x2  
  113  7:28  Roach x4  
  121  7:34  Roach  
  121  7:35  Roach x6  
  131  7:46  Roach x6  
  131  7:47  Ravager x2  
  131  7:48  Ravager  
  146  7:54  Roach x3  
  146  7:57  Overseer  
  152  7:59  Roach  
  152  8:02  Overlord  
  154  8:10  Extractor  
  153  8:23  Roach x4  
  153  8:26  Overlord  
  161  8:31  Overlord  
  161  8:36  Drone  
  161  8:37  Overlord  
  161  8:38  Overlord  
  161  8:39  Overlord  
  161  8:40  Overlord  
  162  8:43  Extractor  
  161  8:58  Spire  
  160  9:06  Roach Warren  
  155  9:11  Zergling x30  
  94  10:03  Drone  
  94  10:05  Drone  
  94  10:07  Drone  
  89  10:20  Extractor  
  87  10:22  Hatchery  
Show
View Real Time Build Order
Export as new Build Order

TRUE Zerg - Winner!

Build Orders: Pool First 

Get SALT Encoding   

  12  0:00  Drone  
  13  0:12  Overlord  
  13  0:17  Drone  
  14  0:31  Drone x2  
  14  0:34  Drone  
  17  0:44  Spawning Pool  
  17  0:48  Drone  
  17  0:50  Extractor  
  17  0:56  Drone  
  17  1:15  Hatchery  
  16  1:31  Zergling x2, Queen  
  19  1:35  Zergling x2  
  19  1:39  Zergling x2  
  21  1:44  Zergling x2  
  22  1:54  Metabolic Boost  
  22  2:00  Overlord  
  21  2:13  Zergling x2  
  22  2:19  Zergling x2  
  23  2:26  Zergling x2  
  22  2:33  Drone  
  22  2:36  Spore Crawler  
  21  2:38  Drone  
  21  2:39  Drone  
  21  2:41  Queen  
  21  2:42  Drone  
  21  2:43  Drone  
  28  2:46  Drone  
  28  2:50  Drone  
  30  2:53  Drone  
  31  2:59  Overlord  
  31  3:01  Drone  
  32  3:08  Queen  
  32  3:12  Drone  
  35  3:15  Overlord  
  35  3:18  Drone  
  36  3:23  Drone  
  36  3:24  Drone  
  38  3:28  Drone  
  38  3:33  Drone x2  
  41  3:39  Drone  
  42  3:45  Drone  
  42  3:47  Hatchery  
  42  3:54  Drone x5  
  45  4:02  Extractor  
  44  4:04  Drone  
  44  4:09  Overlord  
  45  4:10  Drone x3  
  45  4:16  Drone, Evolution Chamber  
  48  4:18  Extractor  
  48  4:19  Drone  
  48  4:27  Drone  
  48  4:28  Drone  
  48  4:29  Drone x2  
  52  4:33  Roach Warren  
  52  4:35  Queen  
  52  4:36  Overlord  
  53  4:41  Drone  
  53  4:42  Drone x3  
  57  4:46  Zerg Missile Weapons Level 1  
  57  4:54  Overlord  
  57  4:55  Drone  
  57  4:58  Drone  
  57  4:59  Drone  
  60  5:05  Drone x3  
  63  5:11  Lair  
  63  5:16  Overlord  
  63  5:18  Roach  
  63  5:19  Roach x5  
  75  5:22  Roach  
  76  5:29  Overlord  
  76  5:30  Roach x2  
  76  5:31  Overlord  
  76  5:33  Drone  
  76  5:35  Extractor, Overlord  
  80  5:38  Roach x2  
  80  5:40  Roach  
  86  5:45  Overlord  
  86  5:47  Roach  
  86  5:48  Drone  
  89  5:57  Roach  
  89  5:58  Roach x4  
  89  6:01  Overlord  
  99  6:09  Glial Reconstitution  
  99  6:13  Roach x6  
  99  6:15  Roach  
  113  6:20  Unknown  
  113  6:24  Extractor  
  112  6:28  Drone, Overlord  
  112  6:29  Drone x5  
  118  6:36  Overlord  
  118  6:37  Roach  
  118  6:38  Roach x2  
  124  6:42  Roach x2  
  128  6:47  Overlord  
  128  6:49  Roach x3, Zerg Missile Weapons Level 2  
  128  6:50  Roach  
  128  6:53  Overlord  
  136  6:55  Overlord  
  136  6:57  Roach  
  136  6:58  Roach  
  136  6:59  Roach  
  142  7:01  Roach  
  142  7:07  Roach x2  
  142  7:08  Roach x2  
  152  7:11  Roach  
  152  7:12  Roach  
  156  7:16  Roach  
  156  7:20  Roach  
  156  7:21  Roach  
  156  7:22  Roach  
  164  7:23  Roach x2  
  164  7:24  Roach  
  170  7:30  Roach  
  170  7:32  Roach  
  170  7:35  Roach  
  170  7:44  Roach  
  170  7:45  Overlord  
  170  7:48  Overlord  
  170  7:50  Overlord  
  170  8:01  Hatchery  
  170  8:02  Burrow, Tunneling Claws  
  170  8:03  Evolution Chamber  
  170  8:05  Drone x4  
  172  8:11  Roach x7  
  186  8:13  Roach  
  186  8:15  Overseer  
  186  8:18  Overlord x2  
  188  8:20  Overlord  
  188  8:22  Roach  
  188  8:24  Roach  
  188  8:26  Roach  
  194  8:29  Overlord  
  194  8:37  Overlord  
  194  8:38  Overseer  
  194  8:41  Overlord  
  194  8:42  Overlord  
  192  8:48  Roach x2  
  192  8:50  Roach  
  192  8:54  Roach x2  
  192  8:55  Overlord  
  194  8:57  Roach x3  
  200  9:04  Overlord  
  200  9:09  Roach  
  198  9:13  Roach  
  198  9:14  Roach x2  
  198  9:15  Roach  
  200  9:18  Roach  
  200  9:19  Roach  
  200  9:21  Roach x2  
  200  9:22  Roach  
  189  9:27  Roach x3  
  189  9:28  Roach  
  165  9:31  Roach  
  165  9:37  Roach  
  163  9:39  Roach  
  163  9:42  Roach  
  154  9:46  Roach  
  154  9:47  Roach  
  154  9:52  Roach  
  147  10:05  Roach x2  
  133  10:16  Extractor  
  133  10:18  Extractor  
  120  10:31  Extractor  
  114  10:44  Extractor  
Tags
 
Add a new tag
Caveats
  • Supply blocks, unpowered buildings, or Contaminate may cause inaccurate times.
  • Supply counts are checked every 10 seconds.